 Dungeon Crawl Stone Soup version 0.28.0-45-g0d030f2227 (webtiles) character file.

Game seed: 5354034245076108253

90 Naeght the Poker (level 4, -6/33 HPs)
             Began as a Merfolk Gladiator on Apr 20, 2022.
             Killed from afar by Natasha (8 damage)
             ... with a magic dart
             ... on level 3 of the Dungeon.
             The game lasted 00:03:18 (2073 turns).

Naeght the Poker (Merfolk Gladiator)                Turns: 2073, Time: 00:03:19

Health: -6/33      AC:  4    Str: 16    XL:     4   Next: 56%
Magic:  4/4        EV: 13    Int:  7    God:
Gold:   68         SH:  0    Dex: 15    Spells: 3/3 levels left

rFire   . . .      SeeInvis .   a - +0 trident
rCold   . . .      Faith    .   l - orb {*channel}
rNeg    . . .      Spirit   .   b - +0 leather armour
rPois   .          Reflect  .   c - +0 helmet
rElec   .          Harm     .   (no cloak)
rCorr   .          Rampage  .   (no gloves)
Will    .....                   (no boots)
Stlth   +.........              (no amulet)
HPRegen 0.11/turn               (no ring)
MPRegen 0.09/turn               (no ring)

@: no status effects
A: (nimble swimmer 2), mertail
a: no special abilities


You were on level 3 of the Dungeon.
You visited 1 branch of the dungeon, and saw 3 of its levels.

You collected 68 gold pieces.

Inventory:

Hand Weapons
 a - a +0 trident (weapon)
Missiles
 d - 4 throwing nets (quivered)
Armour
 b - a +0 leather armour (worn)
 c - a +0 helmet (worn)
 l - an orb of energy (worn)
Jewellery
 p - the ring "Gaceduwo" {Int+6 Stlth+}
   (You found it on level 3 of the Dungeon)

   [ring of intelligence]

   Int:       It affects your intelligence (+6).
   Stlth:     It makes you more stealthy.
Scrolls
 e - 2 scrolls of identify {unknown}
 g - a scroll of enchant armour {unknown}
 i - a scroll of enchant weapon {unknown}
 m - a scroll of vulnerability {unknown}
 n - a scroll of holy word {unknown}
Potions
 f - a potion of degeneration {unknown}
 h - a potion of invisibility {unknown}
 j - a potion of heal wounds {unknown}
 k - a potion of attraction {unknown}
 o - a potion of haste {unknown}
 q - a potion of lignification {unknown}
 r - a potion of mutation {unknown}


   Skills:
 - Level 2.1 Fighting
 * Level 7.5 Polearms
 - Level 2.0 Throwing
 - Level 4.0 Dodging


You had 3 spell levels left.
You didn't know any spells.
Your spell library contained the following spells:

 Spells                   Type           Power      Damage    Failure   Level
 Corpse Rot               Necr/Air       0%         N/A       65%         2
 Poisonous Vapours        Pois/Air       0%         N/A       65%         2


Dungeon Overview and Level Annotations

Branches:
Dungeon (3/15)

Altars:

Annotations:
D:3 Natasha


Innate Abilities, Weirdness & Mutations

((You are very nimble when in or above water. (Stealth+, EV+, Speed+++)))
Your lower body shifts to a powerful aquatic tail in water.


Message History

You are too injured to fight recklessly!
You are too injured to fight recklessly!
You are too injured to fight recklessly!
You are too injured to fight recklessly!
You are too injured to fight recklessly!
You are too injured to fight recklessly!
You are too injured to fight recklessly!
You are too injured to fight recklessly!
You are too injured to fight recklessly!
You are too injured to fight recklessly!
Unknown command.
Natasha barely misses you.
You closely miss Natasha.
Natasha is severely wounded.
The iron imp disappears in a puff of smoke!
Natasha claws you but does no damage.
You closely miss Natasha.
Natasha is severely wounded.
You closely miss Natasha.
Natasha is severely wounded.
Natasha barely misses you. The shadow imp closely misses you.
You hit Natasha but do no damage.
Natasha is severely wounded.
The shadow imp disappears in a puff of smoke!
Natasha claws you.
You barely miss Natasha.
Natasha is severely wounded.
Natasha claws you!
* * * LOW HITPOINT WARNING * * *
You hit Natasha.
Natasha is severely wounded.
Natasha barely misses you.
You hit Natasha.
Natasha is almost dead.
Natasha closely misses you.
You hit Natasha.
Natasha is almost dead.
Natasha casts a spell at you. The magic dart hits you!
You die...

#.##.####....############..#####.
#.##.#...<.[...................(.
#.##.###.##'##############..####.
#.##.....##.# ##.# #.
#.#########.# #.## ## #.# #.#
#..# #. #.# #.# ##.# #. #)#
#.################.###. #.#
#.##..@................ #.#
#.##.##h........###.##. #.#
#.##.##.†...... #..## #.#
#.##.##........ ##.# #.#
####'##.##........ #.# #.#
#.......##........ #.## #.#
#.......##$....... #..# #.#
#.......##.$...... ##.# #.#
#.......##........ #.#


You could see Natasha.

Vanquished Creatures
  2 adders (D:3)
  A worm (D:2)
  2 dart slugs (D:1)
  An orc (D:3)
  4 bats
  6 endoplasms
  6 giant cockroaches
  3 goblins
  A hobgoblin (D:1)
  8 kobolds
  3 quokkas
  10 ball pythons
  5 frilled lizards
  7 rats
59 creatures vanquished.

Vanquished Creatures (others)
  An endoplasm (D:1)
1 creature vanquished.

Grand Total: 60 creatures vanquished

Notes
Turn   | Place    | Note
-------+----------+-------------------------------------------
     0 | D:1      | Naeght the Merfolk Gladiator began the quest for the Orb.
     0 | D:1      | Reached XP level 1. HP: 16/16 MP: 1/1
    68 | D:1      | Reached skill level 5 in Polearms
   100 | D:1      | Reached XP level 2. HP: 22/22 MP: 2/2
   485 | D:1      | Reached skill level 6 in Polearms
   485 | D:1      | Reached XP level 3. HP: 27/27 MP: 3/3
  1170 | D:2      | Reached XP level 4. HP: 27/33 MP: 4/4
  1180 | D:2      | Reached skill level 7 in Polearms
  1538 | D:3      | Identified the ring "Gaceduwo" {Int+6 Stlth+}
  1653 | D:3      | Found a faded altar of an unknown god.
  2050 | D:3      | Noticed Natasha
  2073 | D:3      | Killed from afar by Natasha

Illustrated notes

Levels and vault maps discovered:
D:1:      minmay_arrival_stone_box, layout_basic
D:2:      layout_rooms
D:3:      layout_basic, chequers_temple_overflow_minitemple,
          shapermc_ecumenical_altar_venn, uniq_natasha

Skill      XL: |  1  2  3  4 |
---------------+-------------+-----
Polearms       | 5 6 7 |  7.5
Fighting       | |  2.1
Throwing       | |  2.0
Dodging        | |  4.0

Action                   |  1- 3 |  4- 6 || total
-------------------------+-------+-------++-------
Melee: Trident           |   115 |    57 ||   172
       Punch             |     1 |       ||     1
 Stab: Sleeping          |     5 |     1 ||     6
Armor: Leather armour    |    28 |     7 ||    35
Dodge: Dodged            |    60 |    43 ||   103
